AoeStats
← Iam_MuRaT

Arabia

510144097Analyzed
1v1 RM · 3d ago on Sep 29, 2026· 31m 30s· 2 players
Game mode
Random Map
Map size
Tiny (2 player)
Population
200
Speed
Normal
Resources
Standard
Victory
Conquest
Starting age
Dark Age
Ending age
Imperial Age
RankedLock teamsTeams togetherTeam positionsShared explorationLock speedFull tech treeHidden civsTurbo modeCheats
Victory
Defeat
🇹🇷 Franks · Türkiye
1348
+17
🇹🇷 Danes · Türkiye
1380
-17
Iam_MuRaT
5:17 Loom
8:50 Feudal Age
9:23 Double-Bit Axe
16:34 Fletching
18:33 Forging
25:37 Castle Age
24:17 Forging
24:13 Scale Barding Armor
24:02 Gold Mining
27:09 Iron Casting
26:38 Town Watch
29:03 Chain Barding Armor
30:30 Wheelbarrow
Mtk
7:27 Loom
9:44 Feudal Age
9:53 Man-at-Arms
13:16 Arson
27:43 Fletching
27:46 Stone Mining
31:38 Castle Age
Connection lost

Rejoining the realm…

Still unreachable

The connection could not be restored.

Session expired

The server has moved on; the page needs a fresh start.